TKirby, lawful male human Monk ------------ ------- |..........| #......| #-..........| ###|.....| ###|....{......### # |.....| # --.--------- # ### |..{...# ### ## ### # -------# # # ### ## # ### ## # # #### ### #%# # -.---.----- # ------# # |..........#### |....|# # |.........| .....|# # |........<| # |....|# -----# |.........+###########......## |.@@|# -----------# ------ |._.|################# |...|# |....# ----- TKirby the Initiate Experience level: 6 Strength: 17 Dexterity: 17 Constitution: 12 Intelligence: 9 Wisdom: 13 Charisma: 9 Health: 40(43) Energy: 24(24) Def: 0 Gold: 253 Moves: 3308 Dungeon seed: VBM_hMVqAPa6zl4_ Game ID: TKirby_1491851320 Your Inventory: Coins $ - 253 gold pieces Weapons B - a +0 orcish dagger Comestibles g - 3 uncursed oranges h - 3 uncursed fortune cookies j - 2 uncursed eggs H - an uncursed tin of spinach J - an uncursed partly eaten orange Scrolls E - an uncursed scroll of taming Potions c - 2 uncursed potions of healing u - a cursed potion of healing D - an uncursed potion of levitation L - an uncursed potion of blindness Rings F - an uncursed ring of teleport control Wands y - a wand of digging (0:2) Tools i - an uncursed oil lamp (0:1416) v - an uncursed bag of holding Contents of the bag of holding: a cursed +0 studded leather armor Spells and supernatural/magical abilities: Name Level Category Fail Memory z - sleep 1 enchantment 36% 84% W - pray for help -- divine ? -- Your skills at the end: Fighting Skills martial arts [Skilled] Weapon Skills Spellcasting Skills healing spells [Basic] Final Attributes: You were piously aligned. You were sleep resistant. You were poison resistant. You saw invisible. You were stealthy. You were fast. You were lucky. You survived. Vanquished creatures: a giant spider a lizard a Woodland-elf a rock piercer a fog cloud a shrieker a gnome lord a kobold mummy a straw golem a giant ant a homunculus a kobold shaman 4 rothes 2 orc zombies an acid blob a coyote 3 hobgoblins a cave spider 2 garter snakes 3 geckos 6 jackals 3 goblins 10 grid bugs 2 bats 6 lichens a kobold zombie 3 newts 60 creatures vanquished. Voluntary challenges: You followed a strict vegan diet. You had been an atheist until turn 3299. You never hit with a wielded weapon. You read items or engraved 5 times, starting on turn 1167. You never genocided any monsters. You never polymorphed an object. You changed form 1 time, starting on turn 3158. You used no wishes. You never split a pudding. You never wrote Elbereth's name. You never violated your personal moral code. Dungeon overview: The Dungeons of Doom: levels 1 to 9 Level 1 a fountain a long staircase Level 2 a fountain Level 3 an armor shop a long staircase Level 4 an altar to Chih Sung-tzu, a fountain Level 5 Level 6 Level 7 many fountains Level 8 a long staircase Level 9 <- You were here a temple to Chih Sung-tzu, some fountains History has recorded: On T:1 you entered the Dungeons of Doom to retrieve the Amulet of Yendor! On T:538 you reached level 2 of The Dungeons of Doom. On T:736 you advanced to experience level 2. On T:1004 you reached level 3 of The Dungeons of Doom. On T:1388 you reached level 4 of The Dungeons of Doom. On T:1489 you reached level 5 of The Dungeons of Doom. On T:1491 you advanced to experience level 3. On T:1646 you reached level 6 of The Dungeons of Doom. On T:1850 you advanced to experience level 4. On T:1863 you reached level 7 of The Dungeons of Doom. On T:2251 you reached level 8 of The Dungeons of Doom. On T:2255 you advanced to experience level 5. On T:3069 you reached level 9 of The Dungeons of Doom. On T:3170 you advanced to experience level 6. Score breakdown: Gold: 253 ( 8180 points) Experience: 6 levels (12456 points) Exploration: 9 levels ( 19.15%) (12510 points) Discoveries: 4 items ( 1.43%) ( 3592 points) Valuables value: (no points given unless you survive) Artifact value: 0 ( 0 points) Variety of kills: 27 monsters ( 7.09%) ( 7986 points) Turncount: 3308 turns ( -744 points) Survival: quit (score multiplied by 90%) Total score: 39582 Latest messages: Hello TKirby, the human Monk, welcome back to NetHack! You are lucky! Full moon tonight. Final status: Goodbye TKirby the Monk, quit... You quit in The Dungeons of Doom on dungeon level 9 with 39582 points, and 253 pieces of gold, after 3308 moves. You were level 6 with a maximum of 43 hit points when you quit.